 Dungeon Crawl Stone Soup version 0.21.1-1-g345015f (webtiles) character file.

1847 jamsan the Archer (level 8, -12/68 HPs)
             Began as a Centaur Hunter on June 15, 2018.
             Killed by divine providence
             ... invoked by an orc priest
              (16 damage)
             ... on level 7 of the Dungeon.
             The game lasted 00:31:28 (8737 turns).

jamsan the Archer (Centaur Hunter)                  Turns: 8737, Time: 00:31:28

Health: -12/68     AC:  5    Str: 16    XL:     8   Next: 88%
Magic:  8/8        EV: 11    Int: 10    God:
Gold:   305        SH:  0    Dex: 13    Spells: 7/7 levels left

rFire    . . .     SeeInvis .   b - +0 short sword
rCold    . . .     Gourm    .   (no shield)
rNeg     + . .     Faith    .   c - +1 leather armour
rPois    .         Spirit   .   (no helmet)
rElec    .         Reflect  .   (no cloak)
rCorr    .         Harm     .   (no gloves)
MR       .....                  (no barding)
Stlth    +.........             (no amulet)
HPRegen  0.21/turn              q - ring of positive energy
MPRegen  0.11/turn              x - +2 ring of dexterity

@: slowed
A: large, hooves 3, deformed body, speed 2, tough skin 3
a: no special abilities


You were on level 7 of the Dungeon.
You were not hungry.

You visited 1 branch of the dungeon, and saw 7 of its levels.

You collected 305 gold pieces.

Inventory:

Hand Weapons
 a - a +1 shortbow
 b - a +0 short sword (weapon)
 v - a +0 flail of protection
 y - a +0 falchion of venom
Armour
 c - a +1 leather armour (worn)
Jewellery
 q - a ring of positive energy (left hand)
 x - a +2 ring of dexterity (right hand)
Wands
 s - a wand of random effects (16)
Scrolls
 g - 3 scrolls of remove curse
 i - a scroll of blinking
 j - 2 scrolls of teleportation
 l - 2 scrolls of amnesia
 p - a scroll of magic mapping
 t - a scroll of identify
 w - 2 scrolls of fog
Potions
 d - 2 potions of heal wounds {unknown}
 e - 3 potions of brilliance {unknown}
 h - a potion of lignification {unknown}
 k - a potion of degeneration {unknown}
 m - a potion of haste {unknown}
 n - a potion of magic {unknown}
 o - 3 potions of curing
 r - 2 potions of agility
 z - a potion of mutation {unknown}
Comestibles
 f - 14 rations


   Skills:
 + Level 5.0 Fighting
 * Level 12.9 Bows
 - Level 3.8 Dodging
 - Level 0.4 Stealth


You had 7 spell levels left.
You didn't know any spells.

Dungeon Overview and Level Annotations

Branches:
Dungeon (7/15)
 Temple: D:4-7

Altars:
Cheibriados
Dithmenos
Qazlal


Innate Abilities, Weirdness & Mutations

You have hooves in place of feet.
Armour fits poorly on your strangely shaped body.
You cover ground very quickly.
You have extremely tough skin. (AC +3)


Message History

You hear a distant slurping noise.
There is an open door here.
You see here 2 arrows.
As you read the scroll of teleportation, it crumbles to dust.
You feel strangely unstable. The wraith hits you!
* * * LOW HITPOINT WARNING * * *
The wraith barely misses you. The wraith hits you.
* * * LOW HITPOINT WARNING * * *
Your surroundings suddenly seem different.
An orc comes into view. It is wielding a dagger.
The orc shouts!
An iguana comes into view.
The iguana hisses angrily.
Something shouts, "Scamper away, thou bumbling beef-witted horse-flesh!"
You hear a shout! x2
An orc priest comes into view. It is wielding a flail.
The orc priest invokes the aid of Beogh against you.
Beogh smites you!
You die...

#.....#
#.....#
#...o.#
#.....# .
#.h...#
.5.#.....#
..oo.....#
#...@.#
#...o.#
#.....#
#.....#
#.....#
#....l#
+.....#
#....!#


You could see a black bear, an iguana, an orc priest, a shadow imp and 3 orcs.

Vanquished Creatures
  An acid dragon (D:7)
  2 orc warriors
  2 phantoms (D:4)
  A black bear (D:6)
  2 ogres
  2 centaurs (D:5)
  A scorpion (D:4)
  2 howler monkeys
  A crimson imp (D:6)
  2 hounds (D:4)
  A jelly (D:7)
  3 orc priests
  5 orc wizards
  A bullfrog skeleton (D:4)
  Terence (D:3)
  2 worker ants (D:6)
  The ghost of emiel the Skirmisher, a weakling OgWn (D:3)
  A killer bee zombie (D:7)
  A hound zombie (D:6)
  2 hound skeletons (D:6)
  7 gnolls
  5 adders
  A howler monkey skeleton (D:6)
  A shadow imp (D:7)
  4 oozes
  3 adder skeletons
  2 worms (D:2)
  3 dart slugs
  4 leopard geckos
  26 orcs
  6 bats
  4 giant cockroaches
  10 goblins
  7 hobgoblins
  7 jackals
  2 quokkas (D:4)
  3 ball pythons
  2 frilled lizards
  4 kobolds
  A leopard gecko zombie (D:6)
  7 rats
143 creatures vanquished.

Notes
Turn   | Place    | Note
-------+----------+-------------------------------------------
     0 | D:1      | jamsan the Centaur Hunter began the quest for the Orb.
     0 | D:1      | Reached XP level 1. HP: 17/17 MP: 1/1
   109 | D:1      | Reached XP level 2. HP: 24/24 MP: 2/2
   362 | D:1      | Reached skill level 6 in Bows
   430 | D:1      | Reached XP level 3. HP: 27/30 MP: 3/3
  1003 | D:3      | Noticed emiel's ghost (weakling OgWn)
  1013 | D:3      | Killed emiel's ghost
  1013 | D:3      | Reached XP level 4. HP: 27/37 MP: 4/4
  1824 | D:3      | Reached skill level 7 in Bows
  1824 | D:3      | Reached XP level 5. HP: 45/45 MP: 5/5
  2354 | D:3      | Found a stormy altar of Qazlal.
  2526 | D:3      | Noticed Terence
  2574 | D:3      | Killed Terence
  2714 | D:3      | Found a shadowy altar of Dithmenos.
  2913 | D:4      | Reached skill level 8 in Bows
  2913 | D:4      | Reached XP level 6. HP: 51/51 MP: 6/6
  3165 | D:4      | Reached skill level 9 in Bows
  3635 | D:4      | Reached XP level 7. HP: 49/57 MP: 7/7
  3773 | D:5      | Entered Level 5 of the Dungeon
  4265 | D:4      | Reached skill level 10 in Bows
  4562 | D:5      | Found a snail-covered altar of Cheibriados.
  5481 | D:5      | Reached skill level 11 in Bows
  5768 | D:6      | Reached XP level 8. HP: 63/63 MP: 8/8
  7746 | D:5      | Reached skill level 12 in Bows
  8616 | D:7      | Reached skill level 5 in Fighting
  8737 | D:7      | Killed from afar by an orc priest

Skill      XL: |  1  2  3  4  5  6  7  8 |
---------------+-------------------------+-----
Bows           | 6 7 8 9 11 12 | 12.9
Dodging        | 2 3 |  3.8
Fighting       | 3 5 |  5.0
Stealth        | |  0.4

Action                   |  1- 3 |  4- 6 |  7- 9 || total
-------------------------+-------+-------+-------++-------
Melee: Short sword       |     1 |    47 |    26 ||    74
       Kick              |     1 |     9 |    13 ||    23
       Flail             |       |       |     4 ||     4
 Fire: Shortbow          |   118 |   177 |   348 ||   643
  Use: Scroll            |     6 |       |     9 ||    15
       Potion            |       |       |     1 ||     1
  Eat: Ration            |       |     2 |     4 ||     6
Armor: Leather armour    |    11 |    50 |    33 ||    94
Dodge: Dodged            |    13 |    75 |    63 ||   151
